 Dungeon Crawl Stone Soup version 0.19.3-4-gbf9329e (console) character file.

453 Grinner the Basher (level 7, -6/70 HPs)
             Began as an Ogre Monk on Jan 30, 2017.
             Mangled by an orc
             ... wielding a +0 war axe
              (11 damage)
             ... on level 4 of the Dungeon.
             The game lasted 00:06:04 (3696 turns).

Grinner the Basher (Ogre Monk)                      Turns: 3696, Time: 00:06:04

Health: -6/70      AC:  3    Str: 19    XL:     7   Next: 5%
Magic:  7/7        EV: 12    Int:  9    God:
Gold:   161        SH:  0    Dex: 12    Spells: 1 memorised, 5 levels left

rFire  . . .     SeeInvis .     a - +0 mace
rCold  . . .     Gourm    .     b - +0 robe
rNeg   . . .     Faith    .     (no shield)
rPois  .         Spirit   .     (helmet restricted)
rElec  .         Reflect  .     (no cloak)
rCorr  .         Harm     .     (gloves unavailable)
MR     +....                    (boots unavailable)
Stlth  +++.......               (no amulet)
                                k - ring of stealth
                                g - ring of protection from magic

@: invisible
A: unfitting armour, tough skin 1
a: no special abilities


You were on level 4 of the Dungeon.
You were not hungry.

You visited 1 branch of the dungeon, and saw 4 of its levels.

You collected 161 gold pieces.

Inventory:

Hand Weapons
 a - a +0 mace (weapon)
Armour
 b - a +0 robe (worn)
Jewellery
 g - a ring of protection from magic (left hand)
 k - a ring of stealth (right hand)
Scrolls
 d - a scroll of amnesia {unknown}
 e - a scroll of recharging {unknown}
 f - 2 scrolls of remove curse {unknown}
 h - a scroll of fog {unknown}
 l - 2 scrolls of blinking {unknown}
 p - 2 scrolls of noise {unknown}
 q - a scroll of enchant armour {unknown}
 r - 4 scrolls of identify {unknown}
 y - a scroll of enchant weapon {unknown}
Potions
 i - a potion of brilliance
 m - a potion of lignification
 n - a potion of agility {unknown}
 s - 2 potions of haste {unknown}
 t - a potion of degeneration {unknown}
 w - a potion of invisibility
Books
 u - a book of Changes

   Spells                             Type                      Level
   a - Beastly Appendage              Transmutation                1
   b - Sticks to Snakes               Transmutation                2
   c - Spider Form                    Transmutation/Poison         3
   d - Ice Form                       Ice/Transmutation            4
   e - Blade Hands                    Transmutation                5
Comestibles
 c - 4 bread rations
 j - 3 meat rations
 o - a slice of pizza
 v - a royal jelly


   Skills:
 - Level 4.0 Fighting
 * Level 8.4 Maces & Flails
 + Level 4.7 Dodging
 - Level 1.4 Stealth


You had 5 spell levels left.
You knew the following spells:

 Your Spells              Type           Power        Failure   Level  Hunger
z - Beastly Appendage     Tmut           #.....       38%         1    ##.....


Dungeon Overview and Level Annotations

Branches:
Dungeon (4/15)
 Temple: D:4-7

Altars:
Dithmenos
Nemelex Xobeh


Innate Abilities, Weirdness & Mutations

You are too large for most types of armour.
You have tough skin. (AC +1)


Message History

The orc priest is severely wounded.
The orc completely misses you. The orc barely misses you.
You completely miss the orc priest.
The orc priest is severely wounded.
The orc priest invokes the aid of Beogh against you.
You easily resist.
The orc hits you with a whip.
* * * LOW HITPOINT WARNING * * *
The orc misses you.
You hit the orc priest.
The orc priest is almost dead.
The orc priest mumbles some strange prayers to Beogh against you.
Beogh smites you!
* * * LOW HITPOINT WARNING * * *
The orc closely misses you. The orc hits you with a war axe.
* * * LOW HITPOINT WARNING * * *
It was a potion of invisibility.
You fade into invisibility!
The orc priest closely misses you. The orc barely misses you.
The orc hits you with a war axe!
You die...

#### ##...## ##....
##.....## ..... #.......#
#####..#. ##.#._.#.##
#........
#..##.##..###.###....
#...###..............
######.oo.....##..###.#..
#.....oo@...#..#......#..
#.####.##...#............
#. ##.....#......... #o
#............... ..
....>...#....... #.
##......###...... ..
#.....## ##..... ..
.......+ ...... <......
.......


You could see 2 orc priests and 2 orcs.

Vanquished Creatures
  The ghost of Sphorg the Firebug, an amateur DsFE (D:3)
  A water moccasin skeleton (D:4)
  A scorpion (D:4)
  3 worker ants (D:4)
  A hound skeleton (D:4)
  6 adders
  An ooze (D:1)
  An adder skeleton (D:4)
  2 worms (D:2)
  A dart slug (D:2)
  4 leopard geckos
  2 orcs
  13 bats
  2 giant cockroaches
  7 goblins
  7 hobgoblins
  4 jackals (D:3)
  4 quokkas
  A ball python (D:3)
  6 frilled lizards
  10 kobolds
  A quokka skeleton (D:4)
  7 rats
86 creatures vanquished.

Notes
Turn   | Place    | Note
-------+----------+-------------------------------------------
     0 | D:1      | Grinner the Ogre Monk began the quest for the Orb.
     0 | D:1      | Reached XP level 1. HP: 24/24 MP: 1/1
    70 | D:1      | Reached XP level 2. HP: 30/32 MP: 2/2
   365 | D:1      | Reached XP level 3. HP: 4/39 MP: 3/3
  1180 | D:2      | Reached skill level 5 in Maces & Flails
  1320 | D:2      | Reached XP level 4. HP: 45/48 MP: 4/4
  1959 | D:3      | Learned a level 1 spell: Beastly Appendage
  2007 | D:3      | Reached skill level 6 in Maces & Flails
  2007 | D:3      | Reached XP level 5. HP: 23/54 MP: 5/5
  2332 | D:3      | Noticed Sphorg's ghost (amateur DsFE)
  2356 | D:3      | HP: 4/81 [Sphorg's ghost/flame tongue (14)]
  2359 | D:3      | Killed Sphorg's ghost
  2359 | D:3      | Reached skill level 7 in Maces & Flails
  2359 | D:3      | Reached XP level 6. HP: 5/62 MP: 6/6
  2729 | D:3      | Found a sparkling altar of Nemelex Xobeh.
  3252 | D:4      | Reached skill level 8 in Maces & Flails
  3254 | D:4      | HP: 3/62 [poisoned by a worker ant]
  3649 | D:4      | Found a shadowy altar of Dithmenos.
  3662 | D:4      | Reached XP level 7. HP: 57/70 MP: 7/7
  3696 | D:4      | Mangled by an orc

Skill      XL: |  1  2  3  4  5  6 |
---------------+-------------------+-----
Dodging        | 3 4 |  4.7
Maces & Flails | 5 6 7 8 |  8.4
Fighting       | |  4.0
Stealth        | |  1.4

Action                   |  1- 3 |  4- 6 |  7- 9 || total
-------------------------+-------+-------+-------++-------
Melee: Mace              |   120 |   222 |    25 ||   367
       Headbutt          |       |     3 |       ||     3
 Cast: Beastly Appendage |       |     1 |       ||     1
  Use: Potion            |       |     3 |     2 ||     5
 Stab: Sleeping          |     7 |     6 |       ||    13
  Eat: Chunk             |     1 |     6 |     1 ||     8
       Beef jerky        |       |     1 |       ||     1
Armor: Robe              |    44 |    42 |     8 ||    94
       Skin              |       |     7 |       ||     7
Dodge: Dodged            |    89 |   138 |    23 ||   250
